 Dungeon Crawl Stone Soup version 0.30.1-4-g462c640d31 (webtiles) character file.

Game seed: 14951386704178674576

192933 josefromcouch the Fencer (level 18, 0/138 HPs)
             Began as a Djinni Gladiator on Sept 11, 2023.
             Was the Champion of Cheibriados.
             Slain by a ghoul (14 damage)
             ... on level 4 of the Swamp on Sept 12, 2023.
             The game lasted 02:27:46 (32611 turns).

josefromcouch the Fencer (Djinni Gladiator)        Turns: 32611, Time: 02:27:46

Health: 0/138      AC: 17    Str: 26    XL:     18   Next: 93%
Gold:   1430       EV: 25    Int: 28    God:    Cheibriados [******] SH: 21 Dex: 38

rFire   + + +        c - +3 scimitar (flame)
rCold   + . .        h - +5 Storm Queen's Shield {shock, Fly rElec}
rNeg    . . .        J - +5 ring mail {Will+}
rPois   ∞            o - +2 helmet {Int+3}
rElec   +            s - scarf {rC+ rF+}
rCorr   .            d - +0 pair of gloves
SInv    .            (boots unavailable)
Will    ++...        X - amulet of regeneration
Stlth   +++          r - +5 ring of evasion
HPRegen 1.23/turn    I - ring of protection from cold
MPRegen 0.00/turn

%: infuse magic (-1 HP)
@: flying, constricted, very slow
A: sickness immunity, fire resistance 2, cold vulnerability 1, float, innate
caster, HP casting, extra vitality 1, screaming 1, weak 1
}: 1/15 runes: gossamer
a: Renounce Religion, Bend Time, Temporal Distortion, Slouch, Step From Time


You were on level 4 of the Swamp.
You worshipped Cheibriados.
Cheibriados was exalted by your worship.
You visited 6 branches of the dungeon, and saw 31 of its levels.

You collected 3033 gold pieces.
You spent 1603 gold pieces at shops.

Inventory:

Hand Weapons
 b - a +5 double sword of holy wrath
 c - a +3 scimitar of flaming (weapon)
Missiles
 D - 6 throwing nets
 Q - 23 boomerangs (quivered)
Armour
 d - a +0 pair of gloves (worn)
 h - the +5 Storm Queen's Shield (worn) {shock, Fly rElec}
   (You bought it in a shop on level 2 of the Orcish Mines)

   Shock:     When it blocks an attack, it may electrocute the attacker.
   This works even against foes who are a short distance away.
   rElec:     It insulates you from electricity.
   Fly:       It grants you flight.
 o - a +2 helmet of intelligence (worn)
 s - a scarf of resistance (worn)
 J - a +5 ring mail of willpower (worn)
 P - +3 storm dragon scales {Bai Suzhen}
Jewellery
 p - an amulet of reflection
 r - a +5 ring of evasion (left hand)
 I - a ring of protection from cold (right hand)
 X - an amulet of regeneration (around neck)
Wands
 F - a wand of charming (9)
 G - a wand of digging (9)
 H - a wand of mindburst (11)
 M - a wand of flame (48)
 N - a wand of light (19)
 O - a wand of polymorph (9)
 S - a wand of roots (16)
Scrolls
 a - 2 scrolls of poison
 e - a scroll of butterflies
 f - 11 scrolls of teleportation
 j - 2 scrolls of torment
 m - a scroll of silence
 q - a scroll of identify
 t - 4 scrolls of immolation
 u - 2 scrolls of noise
 v - 8 scrolls of blinking
 w - 7 scrolls of enchant armour
 y - 4 scrolls of vulnerability
 z - 7 scrolls of fog
 R - 4 scrolls of brand weapon
 T - 3 scrolls of fear
 U - 4 scrolls of magic mapping
Potions
 k - 10 potions of heal wounds
 n - 3 potions of invisibility
 A - 4 potions of might
 B - 2 potions of resistance
 C - 5 potions of berserk rage
 E - 12 potions of curing
 K - 5 potions of ambrosia
 L - 6 potions of lignification
 V - 3 potions of cancellation
 W - a potion of magic
 Y - 3 potions of brilliance
Miscellaneous
 i - a phial of floods


   Skills:
 - Level 15.0 Fighting
 * Level 15.8 Long Blades
 - Level 1.5 Throwing
 + Level 11.9 Armour
 - Level 9.4 Dodging
 - Level 1.9 Stealth
 - Level 10.3 Shields
 - Level 11.6 Spellcasting
 - Level 7.7 Invocations


You knew the following spells:

 Your Spells              Type           Power      Damage    Failure   Level
a - Freeze                Ice            100%       1d10      1%          1
b - Lesser Beckoning      Tloc           100%       N/A       1%          2
c - Swiftness             Air            69%        N/A       1%          3
d - Flame Wave            Conj/Fire      69%        2d16      1%          4
e - Silence               Hex/Air        34%        N/A       1%          5
f - Metabolic Englaciati  Hex/Ice        34%        N/A       1%          5
g - Simulacrum            Ice/Necr       34%        N/A       10%         6
h - Eringya's Noxious Bo  Tmut/Pois      34%        N/A       10%         6
Your spell library was empty.

Dungeon Overview and Level Annotations

Branches:
Dungeon (15/15)            Temple (1/1) D:7            Lair (5/5) D:9
  Swamp (4/4) Lair:2       Spider (4/4) Lair:3        Slime (0/5) Lair:5
    Orc (2/2) D:9             Elf (0/3) Orc:2        Vaults (0/5) D:13
 Depths (0/4) D:15

Altars:
Ashenzari
Cheibriados
Dithmenos
Elyvilon
Fedhas
Gozag
Makhleb
Nemelex Xobeh
Okawaru
Qazlal
Ru
Trog
Uskayaw
Wu Jian
Xom
Yredelemnul
Zin
The Shining One
Jiyva

Shops:
D:2 :[:[*   D:9 (?=!   D:14 ?   D:15 ?   Orc:2 *[=(:

Annotations:
D:2 exclusion: downstairs
D:3 exclusion: downstairs
D:4 1 runed translucent door, exclusion: door, Crazy Yiuf
D:6 3 runed translucent doors, Kazon's ghost, novice DsNe; Logoto's ghost, novice DrFE; ystael's ghost, novice MfIE
D:9 1 runed translucent door
D:13 exclusion: 2 doors


Innate Abilities, Weirdness & Mutations

You are immune to sickness and miasma.
You are immune to poison.
Your flesh is very heat resistant. (rF++)
You are vulnerable to cold. (rC-)
You float through the air rather than walking.
You learn spells naturally, not from books.
Your magical power is your life essence.
You have superior vitality. (+4 MHP)
You occasionally shout uncontrollably at your foes.
You are weak. (Str -2)


Message History

Your shield discharges, shocking the ghoul!
The swamp drake bites you!
* * * LOW HITPOINT WARNING * * *
The ghoul completely misses you. You block the ghoul's attack.
The tentacled monstrosity completely misses you.
The tentacled monstrosity tentacle-slaps you but does no damage.
The tentacled monstrosity closely misses you.
The tentacled monstrosity grabs you.
The tentacled monstrosity constricts you!
* * * LOW HITPOINT WARNING * * *
The swamp worm bites the eleionoma.
A wave of flame ripples out!
The flame wave engulfs the eleionoma!!
The eleionoma is heavily wounded.
The flame wave engulfs the spriggan druid.
The spriggan druid is moderately wounded.
The flame wave engulfs the ghoul!
The ghoul is moderately damaged.
The flame wave engulfs the ghoul!
The ghoul is severely damaged.
The flame wave engulfs the tentacled monstrosity!
The tentacled monstrosity resists.
The tentacled monstrosity is moderately wounded.
The flame wave engulfs the swamp drake!
The swamp drake is almost dead.
The mangrove smoulders and burns.
The flame wave engulfs the swamp worm!
You kill the swamp worm!
Cheibriados appreciates the change of pace.
A freezing mist starts to gather...
* * * LOW HITPOINT WARNING * * *
A freezing mist starts to gather... x3
The ghoul is engulfed in a cloud of scalding steam.
You block the ghoul's attack. The ghoul claws you but does no damage.
The spriggan druid is engulfed in a cloud of scalding steam.
The spriggan druid splashes around in the water.
The swamp drake is engulfed in a cloud of scalding steam.
You kill the swamp drake!
Cheibriados appreciates the change of pace.
The ghoul is engulfed in a cloud of scalding steam.
You block the ghoul's attack. The ghoul claws you!
You die...

..~. ~~~~~~~.~ ~.~~~
♣~.~~~~.~
~.~~~♣♣.~~~~§.[
~~~~..~~.♣.~§~~~§.
~~~~...~~~~~...~
~~~..~..~†~§.♣~Z♣♣♣♣ ♣##
.~~..~~.~~~~♣♣Z§Z§§♣..~#
.~§~..~.♣.~~♣♣§RnX§~♣~[~
~.~~~~.♣♣.§~†♣†§@i.~~.~§
♣..~†..♣~§)~[§.n§.....~
♣.....~~~[~♣♣§§☼..~.).~
♣♣♣♣♣♣♣†[†~♣♣♣♣♣~~.....
♣♣..<♣ ~.~.... ♣♣♣♣♣
♣.♣.~.~ ♣...♣~ ..♣~~ .♣
..


You could see 2 ghouls, a tentacled monstrosity, an eleionoma (confused, slow),
a spriggan druid and 3 friendly swamp worm simulacra.

Vanquished Creatures
  Bai Suzhen (Spider:4)
  Gastronok (Lair:2)
  A thorn hunter (Swamp:3)
  Donald (Spider:3)
  The ghost of spardeous the Thaumaturge, an adept DgCj (Spider:4)
  2 emperor scorpions (Spider:4)
  Aizul (Spider:1)
  An orc warlord (D:9)
  4 ghost moths
  A broodmother (Spider:3)
  2 eleionomae
  Azrael (Spider:3)
  2 spark wasps
  2 bunyips (Swamp:4)
  An ettin (D:15)
  The ghost of Wezo the Covert, a journeyman GnDe of Gozag (Lair:1)
  Josephine (Lair:5)
  4 entropy weavers
  A shambling mangrove (Swamp:2)
  Harold (Orc:1)
  8 vault guards (D:13)
  18 hydras
  5 radroaches
  Erica (D:9)
  2 ghost crabs (Swamp:3)
  A spriggan air mage (Swamp:2)
  6 centaur warriors
  7 boulder beetles
  4 two-headed ogres
  7 alligators
  6 orc high priests
  Nergalle (Orc:1)
  Sonja (Lair:4)
  3 skysharks (Lair:5)
  3 pharaoh ants
  7 spriggan druids
  A sun moth (Spider:1)
  2 goliath frogs
  3 deep trolls (D:15)
  5 bog bodies
  5 orb spiders
  10 swamp dragons
  A spectral wolf spider (Spider:3)
  6 orc knights (Orc:2)
  2 wizards (D:15)
  2 orc sorcerers (Orc:1)
  4 steelbarb worms
  Pikel (D:6)
  2 deep elf pyromancers (D:13)
  11 ugly things
  5 wolf spider zombies (Spider:3)
  12 wolf spiders
  2 will-o-the-wisps
  2 cyclopes
  3 moths of wrath
  2 black mambas
  3 elephants (Lair:4)
  3 centaur zombies (D:12)
  9 demonic crawlers
  18 cane toads
  2 gargoyles
  6 komodo dragons
  4 torpor snails
  6 rime drakes
  2 freezing wraiths
  A tengu conjurer (D:15)
  8 trolls
  2 meliai (Spider:4)
  10 tyrant leeches
  31 tarantellas
  4 wolf spider simulacra (Spider:3)
  A bloated husk (Swamp:2)
  A polar bear (D:9)
  4 hornets
  Grinder (D:5)
  26 blink frogs
  A meliai zombie (D:12)
  Prince Ribbit (D:6)
  13 dream sheep
  29 jumping spiders
  4 spriggans
  2 shadows (D:12)
  30 yaks
  8 wraiths
  2 fire elementals (Spider:3)
  5 wyverns
  14 culicivoras
  4 vampires
  A basilisk (D:13)
  11 vampire mosquitoes
  50 redbacks
  2 steam dragons (D:7)
  16 swamp worms
  2 wargs
  An acid dragon (D:7)
  11 water moccasins
  5 hell hounds (Spider:3)
  9 swamp drakes
  36 orc warriors
  A black bear (D:6)
  6 ice beasts
  8 centaurs
  2 ogres
  4 boggarts (D:15)
  2 lemures (D:6)
  7 wolves
  3 phantoms
  A kobold brigand (D:7)
  A gnoll sergeant (D:9)
  14 bullfrogs
  A scorpion (D:6)
  6 wights
  17 killer bees
  4 electric eels
  3 howler monkeys
  3 hounds
  A jelly (D:5)
  3 gnoll boudas
  38 orc priests
  6 iguanas
  11 orc wizards
  31 gnolls
  11 adders
  4 shadow imps
  A white imp (D:6)
  2 ufetubi
  2 worms
  2 dart slugs
  88 orcs
  4 ball pythons
  4 bats
  6 endoplasms
  8 giant cockroaches
  5 goblins
  3 hobgoblins
  17 kobolds
  5 quokkas
  7 rats
932 creatures vanquished.

Vanquished Creatures (collateral kills)
  A radroach (Spider:4)
  A jorogumo (Spider:4)
  An orb spider (Spider:4)
  3 wolf spiders (Spider:4)
  2 tarantellas (Spider:4)
  A jumping spider (Spider:4)
  A culicivora (Spider:4)
  2 redbacks (Spider:4)
  2 yaks (D:8)
  A kobold brigand (D:9)
  An orc priest (D:8)
  3 orcs
19 creatures vanquished.

Vanquished Creatures (others)
  A two-headed ogre (D:8)
  A bog body (Swamp:4)
  A swamp dragon (Swamp:3)
  An orc knight (Orc:2)
  A kobold demonologist (D:13)
  A bloated husk (Swamp:3)
  A spriggan (Swamp:4)
  A centaur (D:9)
  A necrophage (Swamp:4)
  An orc wizard (D:8)
  An orc (Orc:2)
  A quokka (D:11)
  6 foxfires
18 creatures vanquished.

Grand Total: 969 creatures vanquished

Notes
Turn   | Place    | Note
-------+----------+-------------------------------------------
     0 | D:1      | josefromcouch the Djinni Gladiator began the quest for the
                  | Orb.
     0 | D:1      | Reached XP level 1. HP: 18/18 MP: 0/0
   230 | D:1      | Reached XP level 2. HP: 23/23 MP: 0/0
  1027 | D:2      | Reached XP level 3. HP: 29/29 MP: 0/0
  1027 | D:2      | Learned a level 1 spell: Freeze
  1186 | D:2      | Found Montokk's General Store.
  1324 | D:2      | Found Nofe's Book Boutique.
  1500 | D:2      | Found Pecsov's Antique Armour Shoppe.
  1569 | D:2      | Reached XP level 4. HP: 34/34 MP: 0/0
  1608 | D:2      | Found Pymoket's Book Shoppe.
  1613 | D:2      | Found Efruntet's Armour Shop.
  2089 | D:2      | Reached XP level 5. HP: 18/40 MP: 0/0
  2089 | D:2      | Learned a level 2 spell: Lesser Beckoning
  2541 | D:3      | Found a faded altar of an unknown god.
  2970 | D:3      | Reached skill level 1 in Spellcasting
  2970 | D:3      | Reached XP level 6. HP: 10/46 MP: 0/0
  3233 | D:4      | Reached skill level 5 in Long Blades
  3394 | D:4      | Reached XP level 7. HP: 29/50 MP: 0/0
  3394 | D:4      | Learned a level 3 spell: Swiftness
  3489 | D:4      | Noticed a two-headed ogre
  3685 | D:5      | Entered Level 5 of the Dungeon
  3798 | D:4      | Found a runed translucent door.
  3799 | D:4      | Noticed Crazy Yiuf
  4587 | D:5      | Noticed Grinder
  5058 | D:5      | Reached XP level 8. HP: 52/56 MP: 0/0
  5491 | D:5      | Paralysed by Grinder for 5 turns
  5497 | D:5      | Killed Grinder
  5636 | D:5      | Identified the +0 ring mail "Coggokk" {rC+ rN+ Stlth+}
  6079 | D:4      | HP: 2/56 [two-headed ogre/+0 giant spiked club (27)]
  6093 | D:4      | Killed a two-headed ogre
  6094 | D:4      | Reached skill level 5 in Dodging
  6094 | D:4      | Reached XP level 9. HP: 7/63 MP: 0/0
  6094 | D:4      | Learned a level 4 spell: Flame Wave
  6631 | D:2      | Bought a pair of gloves for 135 gold pieces
  7121 | D:6      | Found a broken altar of Ashenzari.
  7159 | D:6      | Found a shimmering altar of Xom.
  7199 | D:6      | Found a runed translucent gate.
  7199 | D:6      | Found a runed translucent gate.
  7199 | D:6      | Found a runed translucent gate.
  7201 | D:6      | Noticed ystael's ghost (novice MfIE)
  7202 | D:6      | Noticed Kazon's ghost (novice DsNe)
  7202 | D:6      | Noticed Logoto's ghost (novice DrFE)
  7350 | D:6      | Reached skill level 5 in Fighting
  7793 | D:6      | Reached skill level 1 in Stealth
  8059 | D:7      | Noticed Prince Ribbit
  8276 | D:7      | Reached XP level 10. HP: 72/72 MP: 0/0
  8476 | D:6      | Killed Prince Ribbit
  8477 | D:6      | Reached skill level 1 in Armour
  8616 | D:7      | Noticed Pikel
  8804 | D:6      | Killed Pikel
  8805 | D:6      | Reached skill level 10 in Long Blades
  9557 | D:7      | Found a staircase to the Ecumenical Temple.
  9566 | Temple   | Entered the Ecumenical Temple
  9665 | Temple   | Became a worshipper of Cheibriados the Contemplative
 10025 | D:8      | Noticed a two-headed ogre
 10264 | D:8      | Reached XP level 11. HP: 63/79 MP: 0/0
 10264 | D:8      | Learned a level 5 spell: Silence
 10415 | D:8      | HP: 3/79 [orc priest/divine providence (11)]
 10418 | D:8      | HP: 1/79 [orc priest/+0 flail (3)]
 11023 | D:9      | Found Jefib's Antique Weapon Emporium.
 11030 | D:9      | Found a runed translucent door.
 11034 | D:9      | Found a basalt altar of Yredelemnul.
 11043 | D:9      | Found Keamm's Magic Scroll Boutique.
 11051 | D:9      | Bought a scroll of fog for 56 gold pieces
 11051 | D:9      | Bought a scroll of enchant armour for 105 gold pieces
 11073 | D:9      | Reached * piety under Cheibriados
 11374 | D:9      | Found a staircase to the Lair.
 11505 | D:9      | Noticed Erica
 11529 | D:9      | Killed Erica
 11532 | D:9      | Reached ** piety under Cheibriados
 11886 | D:9      | Found a blossoming altar of Fedhas.
 12008 | D:9      | Found Qaromaes's Jewellery Shoppe.
 12029 | D:9      | Noticed a boulder beetle
 12059 | D:9      | Killed a boulder beetle
 12253 | D:9      | Found a staircase to the Orcish Mines.
 12255 | D:9      | Reached *** piety under Cheibriados
 12338 | D:9      | Found Zosay's Distillery.
 12342 | D:9      | Bought a potion of invisibility for 104 gold pieces
 12446 | D:10     | Entered Level 10 of the Dungeon
 12871 | D:10     | Found a bloodstained altar of Trog.
 13265 | D:10     | Noticed a two-headed ogre
 13274 | D:10     | Killed a two-headed ogre
 13998 | D:11     | Noticed a two-headed ogre
 14011 | D:11     | Killed a two-headed ogre
 14012 | D:11     | Reached XP level 12. HP: 86/87 MP: 0/0
 14258 | D:11     | Found a white marble altar of Elyvilon.
 14761 | Lair:1   | Entered Level 1 of the Lair of Beasts
 14803 | Lair:1   | Reached skill level 1 in Invocations
 14870 | Lair:1   | Reached **** piety under Cheibriados
 15416 | Lair:1   | Found a transporter.
 15416 | Lair:1   | Noticed Wezo's ghost (journeyman GnDe)
 15588 | Lair:1   | Found a transporter.
 16477 | Lair:2   | Noticed Gastronok
 16495 | Lair:2   | Killed Gastronok
 16690 | Lair:2   | Found a staircase to the Swamp.
 16696 | Lair:2   | Reached skill level 1 in Shields
 17050 | Lair:3   | Noticed a four-headed hydra
 17061 | Lair:3   | Killed a one-headed hydra
 17346 | Lair:3   | Noticed a five-headed hydra
 17361 | Lair:3   | Killed a one-headed hydra
 17362 | Lair:3   | Reached skill level 5 in Armour
 17362 | Lair:3   | Reached skill level 5 in Invocations
 17362 | Lair:3   | Reached XP level 13. HP: 92/92 MP: 0/0
 17362 | Lair:3   | Learned a level 5 spell: Metabolic Englaciation
 17540 | Lair:3   | Identified the +7 short sword of Luxury {freeze, rCorr}
 17633 | Lair:3   | Reached ***** piety under Cheibriados
 17736 | Lair:3   | Found a hole to the Spider Nest.
 18328 | Lair:4   | Noticed Sonja
 18346 | Lair:4   | Killed Sonja
 19591 | Lair:5   | Entered Level 5 of the Lair of Beasts
 19600 | Lair:5   | Reached skill level 5 in Spellcasting
 19779 | Lair:5   | Reached XP level 14. HP: 101/101 MP: 0/0
 19811 | Lair:5   | Reached ****** piety under Cheibriados
 20081 | Lair:5   | Reached skill level 10 in Fighting
 20298 | Lair:5   | Noticed Josephine
 20307 | Lair:5   | Reached skill level 5 in Shields
 20310 | Lair:5   | Killed Josephine
 20353 | Lair:5   | Found a staircase to the Slime Pits.
 20354 | Lair:5   | Found a viscous altar of Jiyva.
 20470 | Lair:5   | Identified the +1 shadow dragon scales of Orthodoxy {rPois
                  | Stlth++++}
 21131 | Lair:1   | Killed Wezo's ghost
 21318 | Orc:1    | Entered Level 1 of the Orcish Mines
 21320 | Orc:1    | Noticed an orc warlord
 21350 | D:9      | Killed an orc warlord
 21427 | Orc:1    | Noticed Harold
 21441 | Orc:1    | Killed Harold
 21538 | Orc:2    | Entered Level 2 of the Orcish Mines
 21601 | Orc:2    | Found Joepifuy's Book Boutique.
 21631 | Orc:2    | Found a staircase to the Elven Halls.
 21838 | Orc:1    | Noticed Nergalle
 21852 | Orc:1    | Killed Nergalle
 21884 | Orc:1    | Reached XP level 15. HP: 50/107 MP: 0/0
 21884 | Orc:1    | Learned a level 6 spell: Simulacrum
 22638 | Orc:2    | Found Foseifami's Weapon Boutique.
 22641 | Orc:2    | Found Jugg's Armour Boutique.
 22642 | Orc:2    | Found Deiffay's General Store.
 22643 | Orc:2    | Found Hitteics's Jewellery Shop.
 22650 | Orc:2    | Bought the +5 Storm Queen's Shield {shock, Fly rElec} for
                  | 638 gold pieces
 22650 | Orc:2    | Found the +5 Storm Queen's Shield {shock, Fly rElec}
 22662 | Orc:2    | Bought a +1 helmet of intelligence for 297 gold pieces
 23623 | D:13     | Found a gate to the Vaults.
 24762 | D:14     | Found Muek's Magic Scroll Boutique.
 24767 | D:14     | Bought a scroll of identify for 22 gold pieces
 24767 | D:14     | Bought a scroll of identify for 22 gold pieces
 24816 | D:14     | Identified the +2 troll leather armour "Diafruddi" {Regen+
                  | Str+2 Int+6}
 25186 | D:15     | Entered Level 15 of the Dungeon
 25355 | D:15     | Reached XP level 16. HP: 120/120 MP: 0/0
 25394 | D:15     | Found a staircase to the Depths.
 25965 | D:15     | Found Asmyzeli's Magic Scroll Shoppe.
 25976 | D:15     | Bought 3 scrolls of teleportation for 126 gold pieces
 25976 | D:15     | Bought a scroll of teleportation for 42 gold pieces
 25976 | D:15     | Bought a scroll of identify for 28 gold pieces
 25976 | D:15     | Bought a scroll of identify for 28 gold pieces
 26281 | Spider:1 | Entered Level 1 of the Spider Nest
 27199 | Spider:2 | Noticed Aizul
 27220 | Spider:1 | Killed Aizul
 27797 | Spider:2 | Reached skill level 10 in Shields
 28071 | Spider:3 | Reached skill level 15 in Fighting
 28073 | Spider:3 | Noticed Azrael
 28118 | Spider:3 | Killed Azrael
 28252 | Spider:3 | Reached XP level 17. HP: 131/131 MP: 0/0
 28252 | Spider:3 | Learned a level 6 spell: Eringya's Noxious Bog
 28706 | Spider:3 | Gained mutation: You are weak. (Str -2) [mutagenic glow]
 28715 | Spider:3 | Gained mutation: You occasionally shout uncontrollably at
                  | your foes. [mutagenic glow]
 28871 | Spider:3 | Noticed Donald
 28882 | Spider:3 | Reached skill level 10 in Spellcasting
 29053 | Spider:3 | Killed Donald
 29205 | Spider:4 | Entered Level 4 of the Spider Nest
 29914 | Spider:4 | Found a runed translucent door.
 29920 | Spider:4 | Noticed spardeous's ghost (adept DgCj)
 29932 | Spider:4 | Killed spardeous's ghost
 30021 | Spider:4 | Noticed Bai Suzhen
 30033 | Spider:4 | Reached skill level 10 in Armour
 30040 | Spider:4 | Killed Bai Suzhen
 30050 | Spider:4 | Reached XP level 18. HP: 37/138 MP: 0/0
 30179 | Spider:4 | Got a gossamer rune of Zot
 30569 | Swamp:1  | Entered Level 1 of the Swamp
 32354 | Swamp:4  | Entered Level 4 of the Swamp
 32369 | Swamp:4  | Reached skill level 15 in Long Blades
 32606 | Swamp:4  | Noticed a tentacled monstrosity
 32611 | Swamp:4  | Slain by a ghoul

Illustrated notes

Levels and vault maps discovered:
D:1:      ncdulo_smallfort, layout_basic, hangedman_decor_clover_reticule
D:2:      layout_loops_ring, serial_shops, nicolae_shop_crystal,
          nicolae_shop_real_fake_doors, shop, shop, shop,
          minmay_misc_feat_diagonals
D:3:      minmay_roachtagon, layout_loops_ring,
          shapermc_ecumenical_altar_acropolis
D:4:      layout_basic, kennysheep_generic_room_10, uniq_crazy_yiuf_cottage
D:5:      layout_basic, uniq_grinder
D:6:      layout_rooms, nicolae_vehumet_radiance,
          mainiacjoe_overflow_catwalk_spiral, gammafunk_ghost_cemetery,
          st_stairs_14, minmay_diced_spiral
D:7:      layout_cave_pools, minmay_temple_entry_arrows, st_stairs_12,
          uniq_prince_ribbit1, uniq_pikel
D:8:      layout_basic, gammafunk_temple_overflow_wave
D:9:      layout_roguey, dk_yredelemnul_ordeal,
          mainiacjoe_overflow_concentric_impassable, hellmonk_lair_entry_icy,
          minmay_orc_entry_temple_small, serial_shops, nicolae_shop_peninsula,
          nicolae_shop_back_alley_shop, shop, shop, statue_in_the_mist_lemuel,
          uniq_erica
D:10:     layout_cave_pods, trog_three_pillars_becter
D:11:     layout_loops_corners, elyvilon_altar_4
D:12:     layout_irregular_city, serial_undead, serial_undead_e,
          serial_undead_c, serial_undead_f, serial_undead_a
D:13:     four-leaf_vault, layout_stronghold, erik_vaults_2, lemuel_flame_loot_1
D:14:     layout_loops_ring, dk_noncrumbling_3, serial_shops,
          nicolae_shop_rolling_square
D:15:     hangedman_depths_entry_civil_slaughter, layout_long_grid,
          serial_shops, nicolae_shop_window_shopping, minmay_crystal_water
Temple:   compressed_dpeg_circular_temple
Lair:1:   layout_regular_city, gammafunk_ghost_arena, serial_bayou_pond_a,
          dreamdust_deal_with_the_devil, serial_bayou_shore_a
Lair:2:   layout_cave_pods, nicolae_swamp_entry_splash_gauntlet, uniq_gastronok
Lair:3:   layout_cave_pods, nicolae_spider_entry_lesser_pyramids
Lair:4:   layout_layer_cave, columned_hall_lemuel, uniq_sonja
Lair:5:   minmay_lair_end_frog_pond, layout_long_grid, slime_entry_1,
          gauntlet_entry_generic, lemuel_fruit_tree, uniq_josephine
Swamp:1:  layout_falls_marsh, nicolae_swamp_fairy_circle,
          infiniplex_staircase_pool
Swamp:2:  layout_basic_swamp, hangedman_swamp_lotus
Swamp:3:  layout_basic_swamp, evilmike_swamp_ruin_rubble_2,
          infiniplex_staircase_pool_2
Swamp:4:  swamp, layout_basic_swamp
Spider:1: layout_spider_delve
Spider:2: layout_cave_pods, uniq_aizul
Spider:3: layout_spider_delve, drop_trap, nicolae_spider_undead_wolf_pack,
          uniq_azrael, uniq_donald
Spider:4: grunt_spider_rune_parallel, ebering_ghost_reflecting_pool,
          uniq_bai_suzhen
Orc:1:    layout_diamond_mine, basic_altar, uniq_nergalle, uniq_harold
Orc:2:    st_orc_pillars, layout_caves, serial_shops, nicolae_shop_peninsula

Skill      XL: |  1  2  3  4  5  6  7  8  9 10 11 12 13 14 15 16 17 18 |
---------------+-------------------------------------------------------+-----
Long Blades    | 3 4 5 6 8 9 10 12 14 15 | 15.8
Fighting       | 3 4 5 7 8 9 10 12 15 | 15.0
Spellcasting   | 1 2 3 5 8 9 11 | 11.6
Dodging        | 5 6 8 9 |  9.4
Stealth        | 1 |  1.9
Armour         | 4 5 7 10 11 | 11.9
Invocations    | 5 7 |  7.7
Shields        | 2 3 6 8 10 | 10.3
Throwing       | |  1.5

Action                     |  1- 3 |  4- 6 |  7- 9 | 10-12 | 13-15 | 16-18 || total
---------------------------+-------+-------+-------+-------+-------+-------++-------
  Melee: Long sword        |    71 |   135 |   276 |       |       |       ||   482
         Punch             |       |     2 |     2 |     7 |       |       ||    11
         Scimitar          |       |       |    11 |   321 |   897 |   806 ||  2035
         Great sword       |       |       |       |   265 |       |       ||   265
         Double sword      |       |       |       |       |       |   156 ||   156
  Throw: Dart              |     5 |    13 |    41 |    38 |       |       ||    97
         Throwing net      |       |     4 |     2 |       |       |       ||     6
         Boomerang         |       |     9 |    28 |    13 |    12 |       ||    62
         Javelin           |       |       |     1 |       |       |       ||     1
   Cast: Freeze            |       |     4 |     6 |     3 |       |       ||    13
         Lesser Beckoning  |       |       |       |     7 |    10 |    29 ||    46
         Flame Wave        |       |       |       |       |    14 |     1 ||    15
         Metabolic Englaci |       |       |       |       |     4 |    21 ||    25
         Silence           |       |       |       |       |     1 |       ||     1
         Eringya's Noxious |       |       |       |       |       |    10 ||    10
         Simulacrum        |       |       |       |       |       |     6 ||     6
 Invoke: Slouch            |       |       |       |       |     2 |     6 ||     8
  Evoke: Wand              |       |       |     9 |    13 |     1 |       ||    23
    Use: Scroll            |       |       |     3 |    12 |     7 |    16 ||    38
         Potion            |       |       |       |     1 |     3 |     2 ||     6
   Stab: Sleeping          |     2 |     2 |     1 |     7 |     6 |    11 ||    29
         Distracted        |       |     1 |     1 |       |     3 |     5 ||    10
         Invisible         |       |       |       |       |    15 |     8 ||    23
 Armour: Leather armour    |    14 |    36 |    39 |       |       |       ||    89
         Ring mail         |       |       |    38 |   109 |   101 |   153 ||   401
  Dodge: Dodged            |    41 |    92 |   190 |   773 |   740 |   755 ||  2591
  Block: Buckler           |       |       |       |    11 |   307 |       ||   318
         Kite shield       |       |       |       |       |   192 |  1084 ||  1276
